 Dungeon Crawl Stone Soup version 0.25-a0-731-g0472a16d6a (webtiles) character file.

Game seed: 3600779390147374654, levelgen mode: deterministic

13 anything the Skirmisher (level 2, 0/21 HPs)
             Began as an Octopode Abyssal Knight on Apr 9, 2020.
             Was a Follower of Lugonu.
             Slain by a rat (2 damage)
             ... on level 1 of the Dungeon.
             The game lasted 00:01:07 (257 turns).

anything the Skirmisher (Octopode Abyssal Knight)    Turns: 257, Time: 00:01:08

Health: 0/21       AC:  1    Str: 11    XL:     2   Next: 37%
Magic:  3/3        EV: 13    Int: 14    God:    Lugonu [*.....]
Gold:   0          SH:  0    Dex: 11    Spells: 1/1 levels left

rFire    . . .     SeeInvis .   a - +1 falchion
rCold    . . .     Gourm    .   (no shield)
rNeg     . . .     Faith    .   (helmet restricted)
rPois    .         Spirit   .   (no amulet)
rElec    .         Reflect  .   (no ring)
rCorr    .         Harm     .   (no ring)
MR       .....                  (no ring)
Stlth    ++........             (no ring)
HPRegen  0.07/turn              (no ring)
MPRegen  0.08/turn              (no ring)
                                (no ring)
                                (no ring)

@: no status effects
A: almost no armour, stealthy swim, amphibious, 8 rings, constrict 8, camouflage
1, gelatinous body 1
a: Depart the Abyss, Renounce Religion


You were on level 1 of the Dungeon.
You worshipped Lugonu.
Lugonu was aware of your devotion.
You were not hungry.

You visited 1 branch of the dungeon, and saw 1 of its levels.
You visited the Abyss 1 time.

Inventory:

Hand Weapons
 a - a +1 falchion (weapon)
Scrolls
 c - 2 scrolls of identify {unknown}
 e - a scroll of enchant armour {unknown}
Potions
 d - a potion of might
Comestibles
 b - a ration


   Skills:
 - Level 3.0 Fighting
 + Level 3.0 Long Blades
 - Level 2.3 Dodging
 - Level 2.0 Invocations


You had one spell level left.
You didn't know any spells.
Your spell library was empty.

Dungeon Overview and Level Annotations

Branches:
Dungeon (1/15)

Altars:


Innate Abilities, Weirdness & Mutations

You cannot wear most types of armour.
You are very stealthy in the water. (Stealth+)
You are amphibious.
You can wear up to eight rings at the same time.
You can use your tentacles to constrict eight enemies at once.
Your skin changes colour to match your surroundings (Stealth+).
Your rubbery body absorbs attacks. (AC +1, EV +1)


Message History

* * * LOW HITPOINT WARNING * * *
You hit the hobgoblin. You grab the hobgoblin. You squeeze the hobgoblin.
The hobgoblin is almost dead.
You constrict the hobgoblin, but do no damage.
The hobgoblin misses you.
You hit the hobgoblin.
You kill the hobgoblin!
Lugonu accepts your kill.
You slash the goblin!
You kill the goblin!
Lugonu accepts your kill.
Your Long Blades skill increases to level 3!
A rat comes into view.
A dart slug comes into view.
You see here a cursed -1 club.
You start resting.
The rat is too close now for your liking.
You hit the rat. Your grab misses the rat.
The rat is moderately wounded.
The rat bites you.
You die...

r....#<..# # . #....###.#
.. #.).w....# ...
#.....##(#
....###############...).#
#).((...().((.....#.?.#
#..............r..#..##
###...).?....r######...#
.........!.....@# #.#.#
####............# ..#.#
#......).)...# ###..
#....%.†.....#+#### .#
#.................#
#.................#
#.......%.........#
#..........?#.....#
##..........+.....#


You could see a rat.

Vanquished Creatures
  2 giant cockroaches (D:1)
  A goblin (D:1)
  3 hobgoblins (D:1)
  5 kobolds (D:1)
  A rat (D:1)
12 creatures vanquished.

Notes
Turn   | Place    | Note
-------+----------+-------------------------------------------
     0 | Abyss:1  | anything the Octopode Abyssal Knight began the quest for
                  | the Orb.
     0 | Abyss:1  | Reached XP level 1. HP: 16/16 MP: 2/2
    59 | Abyss:1  | Noticed an iron imp
    59 | Abyss:1  | Noticed a hell knight
    66 | Abyss:2  | Noticed a bone dragon
    71 | D:1      | Escaped the Abyss
   119 | D:1      | Reached XP level 2. HP: 7/21 MP: 3/3
   195 | D:1      | Reached * piety under Lugonu
   242 | D:1      | HP: 1/21 [hobgoblin/+0 club (8)]
   257 | D:1      | Slain by a rat

Levels and vault maps discovered:
D:1:      erik_arrival_orb_chamber, layout_basic, chequers_arboretum,
          minmay_crystal_room

Skill      XL: |  1  2 |
---------------+-------+-----
Long Blades    | 3 |  3.0
Fighting       | |  3.0
Dodging        | |  2.3
Invocations    | |  2.0

Action                   || total
-------------------------++-------
Melee: Falchion          ||    22
       Constrict         ||     9
       Tentacles         ||     5
Invok: Depart the Abyss  ||     1
  Use: Scroll            ||     1
       Potion            ||     1
Armor: Skin              ||     1
Dodge: Dodged            ||    16
       Rpst.: Falchion   ||     2

Table legend:
 A = Non-vault XP
 B = Vault XP
 C = Vault XP percentage of total XP
 D = Non-vault monster count
 E = Vault monster count
 F = Vault count percentage of total count
                 A         B        C        D         E       F
            +---------+---------+-------+---------+---------+-------
      Total |      19 |       0 |   0.0 |      12 |       0 |   0.0
            +---------+---------+-------+---------+---------+-------
        D:1 |      19 |       0 |   0.0 |      12 |       0 |   0.0
            +---------+---------+-------+---------+---------+-------
